 Dungeon Crawl Stone Soup version 0.23-b1-13-gf37ab262a9 (webtiles) character file.

Game seed: 1854003983217521944

5051 LostNumber the Magician (level 10, -1/79 HPs)
             Began as a Gnoll Warper on Feb 2, 2019.
             Was an Elder of Nemelex Xobeh.
             Slain by a guardian serpent (14 damage)
             ... on level 9 of the Dungeon.
             The game lasted 00:17:41 (8825 turns).

LostNumber the Magician (Gnoll Warper)              Turns: 8825, Time: 00:17:42

Health: -1/79      AC:  8    Str: 21    XL:     10   Next: 56%
Magic:  21/21      EV: 14    Int: 21    God:    Nemelex Xobeh [****..]
Gold:   320        SH:  0    Dex: 10    Spells: 3/23 levels left

rFire    + . .     SeeInvis .   y - +6 quarterstaff "Qebutag" {flame, Str+5 Int+5 Dex-5}
rCold    . . .     Gourm    .   (shield currently unavailable)
rNeg     . . .     Faith    .   N - +0 troll leather armour
rPois    .         Spirit   .   (no helmet)
rElec    .         Reflect  .   H - +2 cloak
rCorr    .         Harm     .   (no gloves)
MR       .....                  (no boots)
Stlth    ++........             t - amulet of the acrobat
HPRegen  0.63/turn              D - ring of protection from fire
MPRegen  0.17/turn              L - ring of flight

@: lethally poisoned (-1 -> -1), slowed, very slow
A: distributed training, fangs 1, strong nose
a: Draw Escape, Draw Destruction, Draw Summoning, Triple Draw, Deal Four,
Renounce Religion, Evoke Flight


You were on level 9 of the Dungeon.
You worshipped Nemelex Xobeh.
Nemelex Xobeh was greatly pleased with you.
You were not hungry.

You visited 1 branch of the dungeon, and saw 9 of its levels.

You collected 548 gold pieces.
You spent 228 gold pieces at shops.

Inventory:

Hand Weapons
 a - a +0 falchion
 q - a +0 war axe
 v - a +2 short sword of speed
 y - the +6 quarterstaff "Qebutag" (weapon) {flame, Str+5 Int+5 Dex-5}
   (You took it off an orc on level 4 of the Dungeon)

   It has been specially enchanted to burn those struck by it, causing extra
   injury to most foes and up to half again as much damage against particularly
   susceptible opponents.
   It affects your strength (+5).
   It affects your intelligence (+5).
   It affects your dexterity (-5).
Missiles
 e - 5 tomahawks of dispersal (quivered)
 r - 23 tomahawks
Armour
 b - a +0 leather armour
 i - a +1 scale mail
 H - a +2 cloak (worn)
 N - a +0 troll leather armour (worn)
Jewellery
 t - an amulet of the acrobat (around neck)
 D - a ring of protection from fire (left hand)
 E - an uncursed ring of positive energy
 L - a ring of flight (right hand)
 P - an uncursed ring of ice {unknown}
Wands
 n - a wand of iceblast (11)
 z - a wand of random effects (30)
 B - a wand of polymorph (5)
 I - a wand of scattershot (8)
 J - a wand of clouds (3)
Scrolls
 c - 2 scrolls of amnesia {unknown}
 d - a scroll of blinking
 h - 2 scrolls of fear
 l - 9 scrolls of remove curse
 m - a scroll of teleportation
 p - 3 scrolls of identify
 u - 2 scrolls of magic mapping
 w - 3 scrolls of enchant armour
 x - a scroll of fog {unknown}
 K - a scroll of noise {unknown}
 M - a scroll of acquirement {unknown}
 O - a scroll of holy word {unknown}
Potions
 g - 5 potions of degeneration
 j - a potion of mutation {unknown}
 k - 4 potions of heal wounds
 o - 3 potions of curing
 s - 2 potions of haste {unknown}
 A - 3 potions of might
 C - a potion of lignification
 F - a potion of brilliance {unknown}
 G - a potion of ambrosia {unknown}
Comestibles
 f - 22 rations
 Q - a chunk of flesh


   Skills:
 + Level 7.1 Fighting
 + Level 5.3 Short Blades
 + Level 7.1 Long Blades
 + Level 5.3 Axes
 + Level 5.3 Maces & Flails
 + Level 5.3 Polearms
 + Level 5.3 Staves
 + Level 5.3 Slings
 + Level 5.3 Bows
 + Level 5.3 Crossbows
 + Level 6.0 Throwing
 + Level 6.0 Armour
 + Level 7.1 Dodging
 + Level 5.3 Stealth
 + Level 5.3 Shields
 + Level 5.3 Unarmed Combat
 + Level 7.4 Spellcasting
 + Level 4.3 Conjurations
 + Level 4.3 Hexes
 + Level 4.3 Charms
 + Level 4.3 Summonings
 + Level 4.3 Necromancy
 + Level 7.1 Translocations
 + Level 4.3 Transmutations
 + Level 4.3 Fire Magic
 + Level 4.3 Ice Magic
 + Level 4.3 Air Magic
 + Level 4.3 Earth Magic
 + Level 4.3 Poison Magic
 + Level 5.8 Invocations
 + Level 5.3 Evocations


You had 3 spell levels left.
You knew the following spells:

 Your Spells              Type           Power        Failure   Level  Hunger
a - Blink                 Tloc           N/A          1%          2    None
b - Shroud of Golubria    Chrm/Tloc      ####......   1%          2    None
c - Lesser Beckoning      Tloc           #####.....   1%          3    None
d - Teleport Other        Tloc           #####...     1%          3    None
e - Passage of Golubria   Tloc           N/A          5%          4    ###....
f - Conjure Flame         Conj/Fire      ####....     4%          3    None
g - Mephitic Cloud        Conj/Pois/Air  ####....     4%          3    None

Your spell library contained the following spells:

 Spells                   Type           Power        Failure   Level  Hunger
 Magic Dart               Conj           ####         1%          1    None
 Gell's Gravitas          Tloc           #####.....   1%          3    None
 Call Imp                 Summ           ####....     2%          2    None
 Slow                     Hex            ####....     2%          2    None


Dungeon Overview and Level Annotations

Branches:
Dungeon (9/15)             Temple (0/1) D:4
   Lair: D:8-11         Orc: D:9-12

Altars:
Makhleb
Nemelex Xobeh
Okawaru
Xom

Shops:
D:4 }   D:5 !


Innate Abilities, Weirdness & Mutations

Your experience applies equally to all skills.
You have very sharp teeth.
Your uncanny sense of smell can sniff out nearby items.


Message History

The guardian serpent coils itself and waves its upper body at you.
The bolt of poison misses you. The guardian serpent hits you.
You miss the guardian serpent.
The guardian serpent is almost dead.
The guardian serpent hits you!
* * * LOW HITPOINT WARNING * * *
You feel sick.
The guardian serpent casts a spell at you.
You feel yourself slow down.
Unknown command.
You miss the guardian serpent. Your bite misses the guardian serpent.
The guardian serpent is almost dead.
The guardian serpent coils itself and waves its upper body at you.
You resist with significant effort. The guardian serpent hits you.
* * * LOW HITPOINT WARNING * * *
Unknown command.
You draw a card...
You have drawn Wild Magic.
The guardian serpent looks sick.
You feel a surge of magic.
You feel sick. The guardian serpent hits you!
You die...
Your body disappears without a glow.

.......##.##.#######,********
.....^.##.##........,,,,,,,,*****
.......'..##.###.###**,****,,,,,,
.......#####...#.#∆∆∆*,* *******
##†##### ##'##.#####.* #.##
#.##.#([[#.** #..# #.##.#$):#.,*
###.##### #....##+##..# ........#
###%@S......# ###### ..>.....###
######+#(...# #...#.
..........#*#........*######.#.#.
..†.....#..,#.......#* #...#...
........#*#,+.......# #.#.####
........# **#.......# ####<#.....
###.##### #.......###....######
#.# #.......'...####,.... ##.#
#<......##### **####


You could see a guardian serpent.

Vanquished Creatures
  A gargoyle (D:9)
  A troll (D:9)
  2 hornets
  A raiju (D:9)
  A hungry ghost (D:9)
  An orc warrior (D:8)
  2 ice beasts
  4 sky beasts
  3 ogres
  A phantom (D:4)
  A centaur (D:8)
  3 bullfrogs
  3 scorpions
  A water moccasin skeleton (D:8)
  5 wights
  14 killer bees
  A centaur zombie (D:3)
  A crimson imp (D:3)
  2 bullfrog zombies (D:6)
  2 hounds
  2 jellies
  5 orc priests
  3 bullfrog skeletons
  6 orc wizards
  2 centaur skeletons
  3 iguanas
  6 worker ants
  A hound skeleton (D:5)
  2 worker ant zombies
  3 gnolls (D:5)
  12 adders
  A shadow imp (D:6)
  3 oozes
  2 adder zombies
  6 worms
  2 dart slugs (D:1)
  5 leopard geckos
  38 orcs
  8 giant cockroaches
  8 goblins
  7 hobgoblins
  5 jackals
  5 quokkas
  A ball python (D:1)
  9 bats
  6 frilled lizards
  A jackal skeleton (D:2)
  16 kobolds
  A leopard gecko skeleton (D:4)
  A quokka skeleton (D:6)
  2 rats
222 creatures vanquished.

Vanquished Creatures (collateral kills)
  A centaur (D:7)
  A scorpion (D:7)
  3 hounds (D:7)
  3 jellies (D:7)
  2 orc priests (D:7)
  A hound skeleton (D:7)
  2 orcs (D:7)
13 creatures vanquished.

Vanquished Creatures (others)
  A wight (D:8)
1 creature vanquished.

Grand Total: 236 creatures vanquished

Notes
Turn   | Place    | Note
-------+----------+-------------------------------------------
     0 | D:1      | LostNumber the Gnoll Warper began the quest for the Orb.
     0 | D:1      | Reached XP level 1. HP: 20/20 MP: 6/6
    45 | D:1      | Reached XP level 2. HP: 24/26 MP: 7/7
   120 | D:1      | Found a sparkling altar of Nemelex Xobeh.
   194 | D:1      | Became a worshipper of Nemelex Xobeh the Trickster
   253 | D:1      | Received a gift from Nemelex Xobeh
   415 | D:1      | Reached XP level 3. HP: 31/31 MP: 9/9
   506 | D:1      | Reached skill level 5 in Spellcasting
   767 | D:2      | Reached skill level 1 in Invocations
   877 | D:2      | Reached skill level 1 in Short Blades
   877 | D:2      | Reached skill level 1 in Axes
   877 | D:2      | Reached skill level 1 in Maces & Flails
   877 | D:2      | Reached skill level 1 in Polearms
   877 | D:2      | Reached skill level 1 in Staves
   877 | D:2      | Reached skill level 1 in Slings
   877 | D:2      | Reached skill level 1 in Bows
   877 | D:2      | Reached skill level 1 in Crossbows
   877 | D:2      | Reached skill level 1 in Stealth
   877 | D:2      | Reached skill level 1 in Shields
   877 | D:2      | Reached skill level 1 in Unarmed Combat
   877 | D:2      | Reached skill level 1 in Evocations
   877 | D:2      | Reached XP level 4. HP: 22/38 MP: 11/11
  1063 | D:2      | Learned a level 2 spell: Blink
  1066 | D:2      | Learned a level 2 spell: Shroud of Golubria
  1070 | D:2      | Learned a level 3 spell: Lesser Beckoning
  1074 | D:2      | Learned a level 3 spell: Teleport Other
  1303 | D:2      | Reached * piety under Nemelex Xobeh
  1462 | D:2      | Reached skill level 1 in Conjurations
  1462 | D:2      | Reached skill level 1 in Hexes
  1462 | D:2      | Reached skill level 1 in Charms
  1462 | D:2      | Reached skill level 1 in Summonings
  1462 | D:2      | Reached skill level 1 in Necromancy
  1462 | D:2      | Reached skill level 1 in Transmutations
  1462 | D:2      | Reached skill level 1 in Fire Magic
  1462 | D:2      | Reached skill level 1 in Ice Magic
  1462 | D:2      | Reached skill level 1 in Air Magic
  1462 | D:2      | Reached skill level 1 in Earth Magic
  1462 | D:2      | Reached skill level 1 in Poison Magic
  1806 | D:3      | Reached XP level 5. HP: 27/43 MP: 12/12
  2551 | D:3      | Reached XP level 6. HP: 31/50 MP: 13/13
  2779 | D:3      | Found a shimmering altar of Xom.
  2780 | D:3      | Found a burning altar of Makhleb.
  2872 | D:4      | Identified the +6 quarterstaff "Qebutag" {flame, Str+5
                  | Int+5 Dex-5}
  2877 | D:4      | Found Xexzepp's Gadget Boutique.
  2915 | D:4      | Reached skill level 5 in Fighting
  2915 | D:4      | Reached skill level 5 in Long Blades
  2915 | D:4      | Reached skill level 5 in Dodging
  2935 | D:4      | Received a gift from Nemelex Xobeh
  2981 | D:4      | Reached ** piety under Nemelex Xobeh
  2989 | D:4      | Noticed a phantom
  3007 | D:4      | Killed a phantom
  3007 | D:4      | Reached XP level 7. HP: 28/56 MP: 15/15
  3213 | D:4      | Found a staircase to the Ecumenical Temple.
  3817 | D:5      | Entered Level 5 of the Dungeon
  4259 | D:5      | Received a gift from Nemelex Xobeh
  4280 | D:5      | Found Gasa's Distillery.
  4288 | D:5      | Bought a potion of curing for 36 gold pieces
  4288 | D:5      | Bought a potion of heal wounds for 60 gold pieces
  4288 | D:5      | Bought 2 potions of might for 96 gold pieces
  4288 | D:5      | Bought a potion of lignification for 36 gold pieces
  4331 | D:5      | Reached XP level 8. HP: 41/63 MP: 16/16
  4344 | D:5      | Learned a level 4 spell: Passage of Golubria
  4455 | D:5      | Found an iron altar of Okawaru.
  5422 | D:6      | Received a gift from Nemelex Xobeh
  5660 | D:6      | Reached *** piety under Nemelex Xobeh
  5889 | D:7      | Reached XP level 9. HP: 51/69 MP: 18/18
  6585 | D:7      | Learned a level 3 spell: Conjure Flame
  6589 | D:7      | Learned a level 3 spell: Mephitic Cloud
  6595 | D:7      | Reached skill level 5 in Throwing
  6595 | D:7      | Reached skill level 5 in Armour
  6959 | D:8      | Noticed a hornet
  6968 | D:8      | Killed a hornet
  6978 | D:8      | Received a gift from Nemelex Xobeh
  7111 | D:8      | Reached skill level 5 in Invocations
  7439 | D:8      | Reached **** piety under Nemelex Xobeh
  7482 | D:8      | Received a gift from Nemelex Xobeh
  7584 | D:8      | Reached XP level 10. HP: 68/77 MP: 20/20
  8269 | D:9      | Noticed a gargoyle
  8272 | D:9      | Killed a gargoyle
  8272 | D:9      | Reached skill level 5 in Short Blades
  8272 | D:9      | Reached skill level 5 in Axes
  8272 | D:9      | Reached skill level 5 in Maces & Flails
  8272 | D:9      | Reached skill level 5 in Polearms
  8272 | D:9      | Reached skill level 5 in Staves
  8272 | D:9      | Reached skill level 5 in Slings
  8272 | D:9      | Reached skill level 5 in Bows
  8272 | D:9      | Reached skill level 5 in Crossbows
  8272 | D:9      | Reached skill level 5 in Stealth
  8272 | D:9      | Reached skill level 5 in Shields
  8272 | D:9      | Reached skill level 5 in Unarmed Combat
  8272 | D:9      | Reached skill level 5 in Evocations
  8743 | D:9      | Received a gift from Nemelex Xobeh
  8814 | D:9      | Noticed a guardian serpent
  8825 | D:9      | Slain by a guardian serpent

Skill      XL: |  1  2  3  4  5  6  7  8  9 10 |
---------------+-------------------------------+-----
Spellcasting   | 5 6 7 |  7.4
Invocations    | 1 2 3 4 5 |  5.8
Short Blades   | 1 2 3 4 5 |  5.3
Axes           | 1 2 3 4 5 |  5.3
Maces & Flails | 1 2 3 4 5 |  5.3
Polearms       | 1 2 3 4 5 |  5.3
Staves         | 1 2 3 4 5 |  5.3
Slings         | 1 2 3 4 5 |  5.3
Bows           | 1 2 3 4 5 |  5.3
Crossbows      | 1 2 3 4 5 |  5.3
Stealth        | 1 2 3 4 5 |  5.3
Shields        | 1 2 3 4 5 |  5.3
Unarmed Combat | 1 2 3 4 5 |  5.3
Evocations     | 1 2 3 4 5 |  5.3
Conjurations   | 1 2 3 4 |  4.3
Hexes          | 1 2 3 4 |  4.3
Charms         | 1 2 3 4 |  4.3
Summonings     | 1 2 3 4 |  4.3
Necromancy     | 1 2 3 4 |  4.3
Transmutations | 1 2 3 4 |  4.3
Fire Magic     | 1 2 3 4 |  4.3
Ice Magic      | 1 2 3 4 |  4.3
Air Magic      | 1 2 3 4 |  4.3
Earth Magic    | 1 2 3 4 |  4.3
Poison Magic   | 1 2 3 4 |  4.3
Throwing       | 3 4 5 6 |  6.0
Armour         | 3 4 5 6 |  6.0
Fighting       | 5 6 7 |  7.1
Long Blades    | 5 6 7 |  7.1
Dodging        | 5 6 7 |  7.1
Translocations | 6 7 |  7.1

Action                   |  1- 3 |  4- 6 |  7- 9 | 10-12 || total
-------------------------+-------+-------+-------+-------++-------
Melee: Falchion          |   133 |    89 |       |       ||   222
       Bite              |    15 |    22 |    24 |     3 ||    64
       Short sword       |       |    90 |       |       ||    90
       War axe           |       |    29 |       |       ||    29
       Punch             |       |     1 |       |       ||     1
       Quarterstaff      |       |    22 |   265 |    99 ||   386
 Cast: Shroud of Golubri |       |     5 |     1 |       ||     6
 Abil: Draw Destruction  |       |       |     9 |     9 ||    18
       Draw Summoning    |       |       |     1 |       ||     1
  Use: Scroll            |       |       |     1 |     5 ||     6
 Stab: Sleeping          |       |       |       |     1 ||     1
  Eat: Chunk             |       |     7 |    15 |     3 ||    25
       Ration            |       |       |       |     1 ||     1
Armor: Leather armour    |    24 |       |       |       ||    24
       Scale mail        |    40 |    99 |    95 |    23 ||   257
       Troll leather arm |       |       |       |    19 ||    19
Dodge: Dodged            |   104 |   132 |   167 |   106 ||   509
       Rpst.: Falchion   |    20 |    22 |       |       ||    42
